Cogmind - Beta 12 @@@ ROGUE MODE // 2023.08.16 @ 13:26:51 Player: CrossedViper Result: Destroyed by CL-ANK with CL-ANK's Mallet Performance ------------- Evolutions (1) 500 Regions Visited (6) 1200 Robots Destroyed (50) 250 Value Destroyed (1214) 1214 Prototype IDs (26) 520 Alien Tech Used (0) 0 Bonus (298) 298 TOTAL SCORE: 3982 Bonus ------- High Alert Combat Kills 19 Follower Combat Kills 60 Aligned with FarCom 300 Friendly Fire -81 Cogmind --------- Core Integrity 0/400 Matter 292/300 Energy 265/265 System Corruption 0% Temperature Cool (0) Movement Core (300) Ox5 Location -8/Mines Parts ------- > --- POWER (1) -------- Improved Ion Engine > --- PROPULSION (2) --- (None) > --- UTILITY (3) ------ Improved Heat Sink > --- WEAPON (3) ------- AWS/Thermal > --- INVENTORY (5) ---- Experimental Targeting Computer Particle Cannon Particle Cannon Peak State ------------ > --- POWER ------------ Improved Ion Engine > --- PROPULSION ------- Light Treads Light Treads > --- UTILITY ---------- Improved Heat Sink Light Armor Plating > --- WEAPON ----------- AWS/Thermal Improved Assault Rifle > --- INVENTORY -------- Experimental Targeting Computer Particle Cannon Particle Cannon [Rating: 28] Favorites ----------- Power Cooled Ion Engine Engine Cooled Ion Engine Power Core Light Nuclear Core Propulsion Light Treads Treads Light Treads Leg Aluminum Leg Flight Unit Improved Flight Unit Utility High-capacity Storage Unit Device Improved Heat Sink Storage High-capacity Storage Unit Protection Light Armor Plating Weapon Particle Cannon Energy Gun Medium Laser Energy Cannon Particle Cannon Ballistic Gun Improved Assault Rifle Launcher Rocket Launcher Build | -11 -10 -10 -9 -9 -9 -8 ------- Run | Jun Mat Min Mat Min Exi Min Slots Evolved 2 | . . . 2 . . . Power . | . . . . . . . Propulsion . | . . . . . . . Utility 1 | . . . 1 . . . Weapon 1 | . . . 1 . . . Parts Attached 43 | 6 3 4 17 4 8 1 Power 5 | 1 . 1 2 . 1 . Engine 4 | 1 . . 2 . 1 . Core 1 | . . 1 . . . . Reactor . | . . . . . . . Propulsion 12 | 2 . 2 6 . 2 . Treads 9 | 2 . . 5 . 2 . Leg 2 | . . 2 . . . . Wheel . | . . . . . . . Hover . | . . . . . . . Flight 1 | . . . 1 . . . Utility 8 | 1 1 1 3 . 2 . Device 3 | . . 1 2 . . . Storage 3 | 1 1 . 1 . . . Processor . | . . . . . . . Hackware . | . . . . . . . Protection 2 | . . . . . 2 . Artifact . | . . . . . . . Weapon 18 | 2 2 . 6 4 3 1 Energy Gun 2 | . . . 1 . . 1 Energy Cannon 7 | . 2 . 3 2 . . Ballistic Gun 8 | 2 . . 2 1 3 . Ballistic Cannon . | . . . . . . . Launcher 1 | . . . . 1 . . Special Weapon . | . . . . . . . Impact Weapon . | . . . . . . . Slashing Weapon . | . . . . . . . Piercing Weapon . | . . . . . . . Special Melee Weapon . | . . . . . . . Unidentified Prototypes 3 | . . . 3 . . . Parts Lost 12 | . 2 1 . . 5 4 Power 2 | . . 1 . . 1 . Propulsion 5 | . 1 . . . 2 2 Utility 2 | . . . . . 1 1 Weapon 3 | . 1 . . . 1 1 Highest Loss Streak 4 | . 1 2 . . 3 4 To Critical Strikes 4 | . . . . . 3 1 Average Slot Usage (%) 95 | . 85 79 94 100 99 79 Engine 9 | . 14 . 7 11 10 11 Core 1 | . . 12 3 . . . Treads 18 | . 28 . 11 22 22 16 Leg 3 | . . 26 9 . . . Device 17 | . . 8 19 22 20 11 Storage 10 | . 14 1 10 11 11 6 Energy Cannon 20 | . 3 28 26 22 18 . Ballistic Gun 11 | . 24 . 4 11 14 21 Naked Turns . | . . . . . . . Heaviest Build 61 | 11 49 51 61 61 61 60 Greatest Support 40 | 40 40 20 40 40 40 40 Greatest Overweight (x) 4 | . 2 4 3 1 1 1 Average Overweight (x) . | . . . 1 1 1 . Largest Inventory Capacity 20 | 8 20 20 20 20 20 20 Average Capacity 18 | 6 17 6 19 20 20 13 Most Carried 20 | 4 6 5 16 20 20 19 Average Carried 12 | 1 4 4 8 16 19 12 Final Capacity 20 | 8 20 5 20 20 20 5 Final Carried 20 | 2 5 5 13 20 19 3 Class Distribution -------------------- 69% | Scavenger-Gunner 14% | Mutant 9% | Scavenger-Tank 6% | Scavenger-Mutant Dominant Class ---------------- Mutant | -10/Materials Scavenger-Mutant | -10/Mines Scavenger-Gunner | -9/Materials Scavenger-Gunner | -9/Mines Scavenger-Gunner | -9/Exiles Scavenger-Tank | -8/Mines Resources | -11 -10 -10 -9 -9 -9 -8 ----------- Run | Jun Mat Min Mat Min Exi Min Matter Collected 1225 | 205 166 47 224 240 343 . Remotely . | . . . . . . . Salvage Created 1924 | . 424 100 964 319 117 . Parts 114 | . 20 6 58 24 6 . Haulers Intercepted 4 | . 1 . 3 . . . Recyclers Shooed 2 | . 1 . 1 . . . Parts Field Recycled . | . . . . . . . Retrieved Matter . | . . . . . . . Parts Self-Destructed . | . . . . . . . Prevented . | . . . . . . . Kills | -11 -10 -10 -9 -9 -9 -8 ------- Run | Jun Mat Min Mat Min Exi Min Combat Hostiles Destroyed 36 | . 5 2 19 9 1 . Guns 4 | . 3 . . . 1 . Cannons 26 | . 2 2 17 5 . . AOE 3 | . . . . 3 . . Classes Destroyed 9 | . 4 . 4 1 . . Builder 4 | . . . 2 2 . . Hauler 4 | . 1 . 3 . . . Recycler 2 | . 2 . . . . . Operator 1 | . . . 1 . . . Watcher 3 | . 2 . 1 . . . Swarmer 9 | . . . 5 4 . . Grunt 18 | . 5 2 9 2 . . Brawler 1 | . . . . 1 . . Sentry 7 | . . . 5 2 . . Best Kill Streak 4 | . 4 2 4 4 1 . Combat Bots Only 4 | . 2 2 4 4 1 . Max Kills in Single Turn 3 | . 1 1 1 3 1 . Gunslinging . | . . . . . . . Exploded 3 | . . . . 3 . . Melee . | . . . . . . . Uniques/NPCs Destroyed 1 | . . . . . 1 . 8R-AWN (-9/Exiles) Combat | -11 -10 -10 -9 -9 -9 -8 -------- Run | Jun Mat Min Mat Min Exi Min Damage Taken 3194 | . 743 105 566 107 784 889 Core 703 | . 171 50 107 8 47 320 Absorbed by Shields 4 | . . . 4 . . . Regen/Repaired (Parts) 55 | . . . 55 . . . Core Remaining (%) 55 | 100 . 11 . . . . Volleys Fired 127 | . 39 3 41 10 32 2 Largest 3 | . 2 2 3 3 3 3 Hottest 204 | . 120 120 204 159 69 69 Shots Fired 390 | . 78 6 123 28 96 59 Gun 237 | . 58 . 15 9 96 59 Cannon 152 | . 20 6 108 18 . . Launcher 1 | . . . . 1 . . Special . | . . . . . . . Kinetic 182 | . 58 . 13 9 96 6 Thermal 207 | . 20 6 110 18 . 53 Explosive 1 | . . . . 1 . . Electromagnetic . | . . . . . . . Robot Hit Streak 25 | . 10 4 11 7 25 22 Robot Miss Streak 3 | . 3 1 3 2 2 2 Penetration Max . | . . . . . . . Secondary Targets . | . . . . . . . Autonomous 53 | . . . . . . 53 Shots Hit Robots 258 | . 50 4 65 13 77 49 Core Hits 80 | . 18 4 27 11 14 6 Critical Kills 2 | . . . 1 1 . . Critical Parts Destroyed . | . . . . . . . Critical Strikes 2 | . . . 1 1 . . Meltdown 2 | . . . 1 1 . . Melee Attacks . | . . . . . . . Impact . | . . . . . . . Slashing . | . . . . . . . Piercing . | . . . . . . . Sneak Attacks . | . . . . . . . Combat Hostiles . | . . . . . . . Follow-up Attacks . | . . . . . . . Damage Inflicted 4993 | 3 669 76 1425 533 1137 1150 Guns 2920 | . 454 . 98 81 1137 1150 Cannons 1761 | . 211 69 1271 210 . . Explosions 237 | . . . 29 208 . . Melee . | . . . . . . . Ramming 75 | 3 4 7 27 34 . . Kinetic 1775 | . 454 . 86 81 1137 17 Thermal 2906 | . 211 69 1283 210 . 1133 Explosive 237 | . . . 29 208 . . Electromagnetic . | . . . . . . . Impact . | . . . . . . . Slashing . | . . . . . . . Piercing . | . . . . . . . Highest Corruption . | . . . . . . . Average Corruption . | . . . . . . . Corruption Purged . | . . . . . . . Corruption Blocked . | . . . . . . . Overload Shots . | . . . . . . . Overflow Damage 20 | . . . 20 . . . Projectiles 20 | . . . 20 . . . Explosions . | . . . . . . . Melee . | . . . . . . . Knockbacks 1 | . . . 1 . . . Impact 1 | . . . 1 . . . Kinetic . | . . . . . . . Secondary . | . . . . . . . Self-Inflicted Damage 52 | . . . 52 . . . Shots 1 | . . . 1 . . . Rammed 15 | 1 2 . 5 7 . . Targets Rammed 17 | 1 2 1 6 7 . . Kicked 2 | . . 1 1 . . . Crushed . | . . . . . . . Highest Temperature 379 | . 367 113 379 24 . . Average Temperature 99 | . 137 52 99 10 . . Received Heat Transfer 612 | . 399 18 168 27 . . Effects 3 | . 2 . 1 . . . Shutdowns 1 | . 1 . . . . . Energy Bleed 1 | . 1 . . . . . Matter Decay 1 | . . . 1 . . . Siege Activations . | . . . . . . . Robots Corrupted . | . . . . . . . Combat Hostiles . | . . . . . . . Parts Fried . | . . . . . . . Impact Corruptions . | . . . . . . . Robots Melted 3 | . . . 2 1 . . Combat Hostiles 3 | . . . 2 1 . . Parts Melted 5 | . . 1 3 1 . . Heat Transferred 3642 | . 444 148 2257 370 . 423 Parts Sabotaged . | . . . . . . . Parts Stolen . | . . . . . . . Parts Stripped . | . . . . . . . Power Chain Reactions . | . . . . . . . Missiles Intercepted . | . . . . . . . Alert | -11 -10 -10 -9 -9 -9 -8 ------- Run | Jun Mat Min Mat Min Exi Min Peak Influence 472 | . 127 110 472 283 . 3 Initial 183 | . . 45 42 183 . . Average 133 | . 38 108 226 115 . . Maximum Alert Level 2 | . . . 2 1 . . Low Security (%) 74 | 100 100 100 49 77 . 100 Level 1 22 | . . . 39 22 . . Level 2 3 | . . . 10 . . . Level 3 . | . . . . . . . Level 4 . | . . . . . . . Level 5 . | . . . . . . . High Security . | . . . . . . . Max Security . | . . . . . . . Squads Dispatched 6 | . 2 . 4 . . . Investigation 5 | . 2 . 3 . . . Extermination . | . . . . . . . Reinforcement 1 | . . . 1 . . . Assault . | . . . . . . . Garrison . | . . . . . . . Intercept . | . . . . . . . Searches Triggered . | . . . . . . . Construction Impeded . | . . . . . . . Haulers Reinforced . | . . . . . . . Active Scanning Responses . | . . . . . . . Cargo Convoy Interrupts . | . . . . . . . Stealth | -11 -10 -10 -9 -9 -9 -8 --------- Run | Jun Mat Min Mat Min Exi Min Distress Signals 2 | . 1 . 1 . . . Communications Jammed . | . . . . . . . Distress Signals . | . . . . . . . Times Spotted 52 | . 11 3 25 11 1 1 Peak Tracking Total 5 | . 4 2 5 4 2 1 Tactical Retreats 3 | . . . 3 . . . Traps | -11 -10 -10 -9 -9 -9 -8 ------- Run | Jun Mat Min Mat Min Exi Min Traps Triggered 2 | . 1 . 1 . . . Indirectly . | . . . . . . . Trap Hack Attempts . | . . . . . . . Triggered . | . . . . . . . Disarmed . | . . . . . . . Reprogrammed . | . . . . . . . Reused . | . . . . . . . Traps Extracted . | . . . . . . . Installed . | . . . . . . . Triggered 1 | . . 1 . . . . Exploded 1 | . . . . . 1 . Machines | -11 -10 -10 -9 -9 -9 -8 ---------- Run | Jun Mat Min Mat Min Exi Min Machines Disabled 5 | . . . 3 1 1 . Max in Single Turn 2 | . . . 2 1 1 . Machines Repaired . | . . . . . . . Machines Sabotaged . | . . . . . . . Overloaded Fab Kills . | . . . . . . . Hacking | -11 -10 -10 -9 -9 -9 -8 --------- Run | Jun Mat Min Mat Min Exi Min Machines Accessed 8 | . 2 . 4 . 2 . Terminals 3 | . 1 . 2 . . . Fabricators . | . . . . . . . Repair Stations 1 | . . . 1 . . . Recycling Units 2 | . 1 . 1 . . . Scanalyzers . | . . . . . . . Garrison Access . | . . . . . . . Total Hacks 27 | . 12 . 13 . 2 . Successful 12 | . 3 . 7 . 2 . Failed 14 | . 8 . 6 . . . Catastrophic . | . . . . . . . Database Lockouts 1 | . 1 . . . . . Manual 14 | . 8 . 5 . 1 . Terminals 16 | . 9 . 7 . . . Fabricators . | . . . . . . . Repair Stations 4 | . . . 4 . . . Recycling Units 5 | . 3 . 2 . . . Scanalyzers . | . . . . . . . Garrison Access . | . . . . . . . Terminal Hacks 6 | . 2 . 2 . 2 . Record 1 | . . . . . 1 . Robot Analysis 1 | . 1 . . . . . Branch Access Points 1 | . 1 . . . . . Emergency Access Points 1 | . . . 1 . . . Hauler Manifests 1 | . . . 1 . . . EX-Prototype ID Bank 1 | . . . . . 1 . Fabricator Hacks . | . . . . . . . Repair Station Hacks 4 | . . . 4 . . . Scan Component 2 | . . . 2 . . . Repair 2 | . . . 2 . . . Recycling Unit Hacks . | . . . . . . . Scanalyzer . | . . . . . . . Garrison Access Hacks . | . . . . . . . Unauthorized Hacks 2 | . 1 . 1 . . . Terminals . | . . . . . . . Fabricators . | . . . . . . . Repair Stations . | . . . . . . . Recycling Units 2 | . 1 . 1 . . . Tunnel 2 | . 1 . 1 . . . Scanalyzers . | . . . . . . . Garrison Access . | . . . . . . . Data Cores Recovered 1 | . . . 1 . . . Used . | . . . . . . . Hacking Detections 4 | . 2 . 2 . . . Full Trace Events 2 | . 1 . 1 . . . Feedback Events . | . . . . . . . Feedback Blocked . | . . . . . . . Robot Schematics Acquired . | . . . . . . . Robots Built . | . . . . . . . Authchips . | . . . . . . . Time . | . . . . . . . Total Robot Build Rating . | . . . . . . . Part Schematics Acquired . | . . . . . . . Parts Built . | . . . . . . . Authchips . | . . . . . . . Time . | . . . . . . . Total Part Build Rating . | . . . . . . . Parts Repaired 2 | . . . 2 . . . Time 62 | . . . 62 . . . Parts Recycled . | . . . . . . . Recycled Matter . | . . . . . . . Retrieved Matter . | . . . . . . . Retrieved Components . | . . . . . . . Parts Scanalyzed . | . . . . . . . Part Schematics Acquired . | . . . . . . . Parts Damaged . | . . . . . . . Bothacking | -11 -10 -10 -9 -9 -9 -8 ------------ Run | Jun Mat Min Mat Min Exi Min Used RIF Installer . | . . . . . . . Robots Hacked . | . . . . . . . Non-combat . | . . . . . . . Combat . | . . . . . . . Robot Hacks Applied . | . . . . . . . Relay Couplers Released . | . . . . . . . Fabnet Peak Effective % . | . . . . . . . Robots Rewired . | . . . . . . . Allies Hacked . | . . . . . . . Hacks Repelled . | . . . . . . . Allies | -11 -10 -10 -9 -9 -9 -8 -------- Run | Jun Mat Min Mat Min Exi Min Total Allies 3 | . . . . 3 . . Largest Group 3 | . . . . 3 2 . Highest-Rated Group 40 | . . . . 40 24 . Highest-Rated Ally 16 | . . . . 16 16 . Total Orders . | . . . . . . . Ally Attacks 18 | . . . . 16 2 . Total Damage 200 | . . . . 199 1 . Kills 2 | . . . . 2 . . Allies Corrupted . | . . . . . . . Allies Melted . | . . . . . . . Intel | -11 -10 -10 -9 -9 -9 -8 ------- Run | Jun Mat Min Mat Min Exi Min Robot Analysis Total 1 | . 1 . . . . . Derelict Logs Recovered 2 | . . . . 2 . . Drone Launches . | . . . . . . . Drone Recoveries . | . . . . . . . Exploration | -11 -10 -10 -9 -9 -9 -8 ------------- Run | Jun Mat Min Mat Min Exi Min Turns Passed 4799 | 63 507 273 1183 1632 1005 136 Spaces Moved 1756 | 38 175 141 344 643 368 47 Core 11 | 11 . . . . . . Treads 1464 | 27 175 1 203 643 368 47 Legs 281 | . . 140 141 . . . Wheels . | . . . . . . . Hover . | . . . . . . . Flight . | . . . . . . . Fastest Speed 50 | 50 160 120 120 240 240 160 Average Speed 223 | 128 208 126 233 240 240 219 Slowest Speed 400 | 160 320 400 330 240 240 240 Overloaded Moves . | . . . . . . . Propulsion Burnouts . | . . . . . . . Robots Hopped . | . . . . . . . Cave-ins Triggered . | . . . . . . . Exploration Rate (%) 38 | 3 35 25 40 89 69 10 Regions Visited 6 Branch Regions 4 Pre-discovered Areas 3 | . 1 . 1 . 1 . Known Exits Taken 1 | . 1 . . . . . Unknown Exits Taken 5 | 1 . 1 1 1 1 . Scrap Searched 3 | . . . . 3 . . Spaces Dug 12 | . . . . 12 . . Terrain Destroyed 58 | . . . 40 12 . 6 Melee . | . . . . . . . Projectile 6 | . . . . . . 6 AOE 52 | . . . 40 12 . . Terrain Rammed . | . . . . . . . Walls Destroyed . | . . . . . . . Machines Disabled . | . . . . . . . Actions | -11 -10 -10 -9 -9 -9 -8 --------- Run | Jun Mat Min Mat Min Exi Min Total 2351 | 52 243 229 627 702 421 77 Wait 333 | . 20 78 184 26 1 24 Move 1750 | 37 174 140 343 642 367 47 Hop . | . . . . . . . Pick Up 50 | 8 4 . 20 10 8 . Fast Attach 11 | . 1 4 6 . . . Attach 22 | 6 1 . 6 2 6 1 Detach 2 | . . 1 1 . . . Swap 10 | . 1 . 5 2 2 . Drop 29 | . 1 2 15 3 5 3 Fire 127 | . 39 3 41 10 32 2 Melee . | . . . . . . . Ram . | . . . . . . . Kick 2 | . . 1 1 . . . Crush 15 | 1 2 . 5 7 . . Escape Stasis . | . . . . . . . Rewire . | . . . . . . . Trap . | . . . . . . . Miscellaneous . | . . . . . . . Route ------- -11/Junkyard -10/Materials -10/Mines -9/Materials -9/Mines (discovered 3 exits: [*Mat x2] / *Exi) -9/Exiles -8/Mines History --------- Turn | Location | Event 4 | -11/Junkyard | Discovered new exit (range 14) 64 | -11/Junkyard | Entered Materials 315 | -10/Materials | Build established: Mutant 342 | -10/Materials | Discovered new exit (range 15) 445 | -10/Materials | Central database locked down 445 | -10/Materials | Identified exit to Mines 565 | -10/Materials | Core integrity fell below 50% 571 | -10/Materials | Entered Mines 589 | -10/Mines | Assembled infested the area 682 | -10/Mines | Core integrity fell below 20% 835 | -10/Mines | Discovered new exit (range 9) 844 | -10/Mines | Entered Materials 844 | -9/Materials | Evolved 2 slots: Utility x1, Weapon x1 1542 | -9/Materials | Repaired Broken Lgt. Treads 1569 | -9/Materials | Repaired Lgt. Treads 1875 | -9/Materials | Build established: Scavenger-Gunner 1969 | -9/Materials | Discovered new exit (range 9) 2027 | -9/Materials | Entered Mines 2034 | -9/Mines | Received a Rocket Launcher from a helpful Derelict 2114 | -9/Mines | Deemed a non-threat by the Exiles lab entrance 2114 | -9/Mines | Discovered new exit (range 5) 2561 | -9/Mines | Assisted by bots powering up and referring to "LRC-V3" 2760 | -9/Mines | Discovered new exit (range 8) 2822 | -9/Mines | Discovered new exit (range 10) 2925 | -9/Mines | Learned Materials interactive machine intel 3325 | -9/Mines | Learned location of 1 exit from Materials 3659 | -9/Mines | Entered Exiles 3659 | -9/Exiles | Accompanied by 2 allies 3717 | -9/Exiles | Met 8R-AWN 3758 | -9/Exiles | Met EX-HEX 3859 | -9/Exiles | Met EX-DEC 3904 | -9/Exiles | Learned location of Zion (-6) 4025 | -9/Exiles | Discovered new exit (range 12) 4157 | -9/Exiles | Met EX-BIN 4191 | -9/Exiles | Aligned with FarCom system 4193 | -9/Exiles | Given EX-Vault access code 4248 | -9/Exiles | Opened EX-Vault 4268 | -9/Exiles | Found AWS/Thermal 4315 | -9/Exiles | Warned to stay clear of 0b10 Research branches 4347 | -9/Exiles | Exiles lab attacked by MAIN.C 4502 | -9/Exiles | Attacked by the Exiles 4614 | -9/Exiles | Destroyed 8R-AWN 4623 | -9/Exiles | Found Prototype Processor 4626 | -9/Exiles | Lost 3 parts (1p1n1u) 4626 | -9/Exiles | Found Prototype Ballistic Gun 4664 | -9/Exiles | Left Exiles lab with AWS/Thermal 4664 | -9/Exiles | Entered Mines 4725 | -8/Mines | CL-ANK came to Exiles' defense 4774 | -8/Mines | Core integrity fell below 50% 4784 | -8/Mines | Core integrity fell below 20% 4800 | -8/Mines | Destroyed by CL-ANK with CL-ANK's Mallet Last Messages --------------- 04645_ Acquired 100 matter. A strange signal echoes through the mines. LOCATION=UNKNOWN GOAL=ESCAPE 04665_ T-07 Excavator is excavating. 04725_ CL-ANK: "I came as fast as I could... Wait, it was you!" 04743_ Dropped Hcp. Storage Unit. 04744_ Dropped Imp. Assault Rifle. 04763_ T-07 Excavator is excavating. 04765_ Lgt. Treads destroyed. 04768_ T-07 Excavator is excavating. 04776_ Critical hit (Smash). 04776_ Lgt. Treads destroyed. 04776_ Lgt. Armor Plating destroyed. 04778_ Imp. Assault Rifle destroyed. 04780_ T-07 Excavator is excavating. 04788_ Destroyed Med. Reactive Plating. 04789_ T-07 Excavator is excavating. 04796_ Destroyed Nanoactuators. 04798_ T-07 Excavator is excavating. Map ----- +----------------------------------------------------+ | | | | | | | | | | | | | | | | | | | | | | | | | ???????????????????????????????? | | ???????????????????????????????? | | ???????????????????????????????? | | ???????????????????????????????? | | ???????????????????????????????? | | ???????????????????????????????? | | ???????????###?????????????????? | | ???????????# ?????????????????? | | ???????????# ????????????????? | | ???????????# #????#??????????? | | ???????????# ????# ###??????? | | ???????????? #????# t ###???? | | ????????????# #????# #???? | | ????????????# #?????# @ #???? | | ??????????### ##????# b #???? | | ?????????## #"##### ##???? | | ?????????# ##????? | | ?????????# ##?????? | | ?????????## ##;#;;###??????? | | ??????????##" ## ##?????????? | | ???????????### ###???????????? | | ????????????##=[ ##????????????? | | ????????????#===[ ##???????????? | | ?????????####!![= #???????????? | | ?????????# *=]! #???????????? | | ?????????# [/! ##???????????? | | ?????????# ### ###????????????? | | ?????????# ####??????????????? | | ?????????## #?????????????????? | | ??????????? #?????????????????? | | ??????????? ?????????????????? | | ??????????? ????????????????? | | ??????????? ???????????????? | | ??????????? ??????????????? | | ???????????? ?????????????? | | ???????????? ?????????????? | | ???????????? ????????????? | | ????????????### ???????????? | +----------------------------------------------------+ Best States ------------- Heat Dissipation 52 Energy Generation 14 Energy Capacity 280 Matter Stores 300 Matter Capacity 300 Sight Range 16 Terrain Scan Density 10 Armor Coverage 150 Evasion (%) 55 Recoil Reduction 2 Item Schematics ----------------- None Robot Schematics ------------------ None Fabricated ------------ Nothing Alien Tech Used ----------------- None Achievements -------------- None Challenges ------------ None Game ------ Seed ScanConcussiveVibroblade Manual? 0 Play Time 00:19:33 Cumulative 717.6 hours Start 2023.08.16 @ 13:06:47 End 2023.08.16 @ 13:26:51 Sessions 1 Manual Loads 0 Difficulty Rogue Special Mode None Game No. 466 Rogue 459 Adventurer 0 Explorer 7 Win Type - Total 53 Types 20/5/19/2/0/1/4/1/1 Lore% 90 Gallery% 96 Achievement% 83 Wizard Run 0 Options --------- ASCII 0 Keyboard 0 Movement Numpad Keybinds 0 Fullscreen 1 Font 18/X11Bold Map View 76x50 Tactical HUD 1 Map Filters NONE Filters NONE Steam 1 RUN: 1667da4a-427e-4f3b-9736-24cb50508be3